 Dungeon Crawl Stone Soup version 0.23.2-30-g0e89c35649 (webtiles) character file.

Game seed: 6793927801383505118

1703 Hivemind the Destroyer (level 9, -6/45 HPs)
             Began as a Tengu Conjurer on June 10, 2019.
             Was a Follower of Vehumet.
             Shot with a sling bullet by Joseph (15 damage)
             ... on level 7 of the Dungeon.
             The game lasted 00:42:39 (8051 turns).

Hivemind the Destroyer (Tengu Conjurer)             Turns: 8051, Time: 00:42:39

Health: -6/45      AC:  5    Str:  9    XL:     9   Next: 3%
Magic:  21/21      EV: 12    Int: 19    God:    Vehumet [*.....]
Gold:   306        SH:  0    Dex: 14    Spells: 6/23 levels left

rFire    . . .     SeeInvis .   i - +2 short sword (flame)
rCold    + . .     Gourm    .   (no shield)
rNeg     . . .     Faith    .   t - +1 robe {rC+}
rPois    .         Spirit   .   (helmet restricted)
rElec    .         Reflect  .   a - +0 cloak
rCorr    +         Harm     .   o - +0 pair of gloves
MR       .....                  (boots unavailable)
Stlth    +++.......             (no amulet)
HPRegen  0.15/turn              l - ring of stealth
MPRegen  0.17/turn              n - ring of resist corrosion

@: no status effects
A: beak, talons 3, able to fly
a: Fly, Renounce Religion


You were on level 7 of the Dungeon.
You worshipped Vehumet.
Vehumet was aware of your devotion.
You were hungry.

You visited 2 branches of the dungeon, and saw 8 of its levels.

You collected 306 gold pieces.

Inventory:

Hand Weapons
 i - a +2 short sword of flaming (weapon)
Missiles
 e - 153 stones (quivered)
 v - a throwing net
Armour
 a - a +0 cloak (worn)
 o - a +0 pair of gloves (worn)
 t - a +1 robe of cold resistance (worn)
Jewellery
 l - a ring of stealth (left hand)
 n - a ring of resist corrosion (right hand)
Wands
 z - a wand of acid (9)
Scrolls
 f - 2 scrolls of enchant armour
 q - 2 scrolls of teleportation
 u - 4 scrolls of identify
 w - 2 scrolls of enchant weapon {unknown}
 x - 2 scrolls of remove curse
 y - a scroll of noise {unknown}
Potions
 b - 4 potions of curing
 d - a potion of resistance
 g - a potion of berserk rage
 h - 3 potions of heal wounds
 j - a potion of degeneration {unknown}
 k - a potion of invisibility {unknown}
 m - a potion of lignification {unknown}
 p - a potion of haste {unknown}
 r - a potion of might {unknown}
 s - 2 potions of brilliance
 A - a potion of agility {unknown}
Comestibles
 c - 13 rations


   Skills:
 - Level 2.1 Dodging
 - Level 2.0 Stealth
 + Level 7.5 Spellcasting
 + Level 11.4 Conjurations


You had 6 spell levels left.
You knew the following spells:

 Your Spells              Type           Power        Failure   Level  Hunger
a - Magic Dart            Conj           ####         1%          1    None
b - Iskenderun's Mystic   Conj           ######..     1%          4    ###....
c - Dazzling Spray        Conj/Hex       ####..       2%          3    #......
d - Fulminant Prism       Conj/Hex       ####......   9%          4    ###....
e - Force Lance           Conj/Tloc      ####....     9%          4    ###....
f - Shock                 Conj/Air       ####         1%          1    None

Your spell library contained the following spells:

 Spells                   Type           Power        Failure   Level  Hunger
 Freeze                   Ice            #...         10%         1    None
 Searing Ray              Conj           ######       1%          2    None


Dungeon Overview and Level Annotations

Branches:
Dungeon (7/15)             Temple (1/1) D:4

Altars:
Ashenzari
Cheibriados
Dithmenos
Elyvilon
Fedhas
Gozag
Hepliaklqana
Kikubaaqudgha
Makhleb
Nemelex Xobeh
Okawaru
Qazlal
Ru
Sif Muna
Trog
Uskayaw
Vehumet
Wu Jian
Xom
Yredelemnul
Zin
The Shining One

Annotations:
D:5 2 transporters, Dowan, Duvessa
D:7 Joseph


Innate Abilities, Weirdness & Mutations

You have a beak for a mouth.
You have claws for feet.
You can fly continuously.


Message History

Press: ? - help, Shift-Dir - straight line, f - Joseph
Aim: Joseph, wielding a +0 hunting sling, wearing a +0 ring mail and wearing an uncursed ring of resist corrosion (hasn't noticed you)
Okay, then.
Joseph shoots a sling bullet.
The sling bullet hits you!!
You see here a sling bullet.
Casting: Dazzling Spray (safe; 2% risk of failure)
Confirm with . or Enter, or press ? or * to list all spells.
Aiming: Dazzling Spray (safe; 2% risk of failure)
Press: ? - help, Shift-Dir - straight line, f - Joseph
Aim: Joseph, wielding a +0 hunting sling, wearing a +0 ring mail and wearing an uncursed ring of resist corrosion The spray of energy hits Joseph!
Joseph is lightly wounded.
Joseph is dazzled.
Joseph shoots a sling bullet.
The sling bullet hits you!!
* * * LOW HITPOINT WARNING * * *
You see here a sling bullet.
Joseph shoots a sling bullet.
The sling bullet misses you.
You see here a sling bullet.
Joseph shoots a sling bullet.
The sling bullet hits you!
You die...

.#####....................#
...................###.##(#
######.#.....####..# #^##.#
# #..............# #.##@#
##########.....###.###.##.##
...........................#
.#######.#.............@...#
.# #.#'##.####.###(###.# .#
#.......#@#.# #(# #.# .#
#.......#.#.# #.# #.# .#
#......†).#.###.###.# .#
#......#..#.#.......# .#
#.#.####..#.#.#.##### .#
#.#.......#.#.#.# ##
#.#####...@.#.#.#
#.....'.........#
#######.....#.#.#


You could see Joseph.

Vanquished Creatures
  A steam dragon (D:6)
  A phantom (D:6)
  4 ogres
  A bullfrog (D:6)
  A wyvern zombie (D:7)
  2 scorpions
  A bullfrog zombie (D:6)
  4 crimson imps
  A centaur zombie (D:5)
  3 orc wizards
  A jelly (D:5)
  5 orc priests
  An iguana (D:7)
  A bullfrog skeleton (D:6)
  Jessica (D:3)
  2 worker ants
  A hound zombie (D:6)
  10 adders
  4 gnolls (D:3)
  A shadow imp (D:6)
  An ooze (D:3)
  2 adder skeletons (D:4)
  3 worms
  4 dart slugs
  5 leopard geckos
  21 orcs
  2 ball pythons (D:3)
  3 giant cockroaches
  4 goblins
  6 hobgoblins
  13 jackals
  9 kobolds
  3 quokkas
  9 bats
  4 frilled lizards
  3 rats (D:3)
138 creatures vanquished.

Vanquished Creatures (others)
  A wyvern skeleton (D:7)
  5 fulminant prisms (D:7)
6 creatures vanquished.

Grand Total: 144 creatures vanquished

Notes
Turn   | Place    | Note
-------+----------+-------------------------------------------
     0 | D:1      | Hivemind the Tengu Conjurer began the quest for the Orb.
     0 | D:1      | Reached XP level 1. HP: 10/10 MP: 4/4
    84 | D:1      | Reached XP level 2. HP: 15/15 MP: 3/6
   443 | D:1      | Reached XP level 3. HP: 19/19 MP: 3/7
   557 | D:1      | Reached skill level 6 in Conjurations
  1412 | D:2      | Reached XP level 4. HP: 24/24 MP: 1/9
  1874 | D:3      | Gained mutation: You can fly continuously. [Tengu growth]
  1874 | D:3      | Reached XP level 5. HP: 21/28 MP: 2/11
  2134 | D:3      | Reached skill level 7 in Conjurations
  2146 | D:3      | Learned a level 4 spell: Iskenderun's Mystic Blast
  2150 | D:3      | Learned a level 3 spell: Dazzling Spray
  2248 | D:3      | Noticed Jessica
  2249 | D:3      | Killed Jessica
  2873 | D:3      | Reached XP level 6. HP: 32/32 MP: 0/13
  3282 | D:3      | Learned a level 4 spell: Fulminant Prism
  3304 | D:4      | Found a staircase to the Ecumenical Temple.
  3319 | Temple   | Entered the Ecumenical Temple
  3562 | Temple   | Became a worshipper of Vehumet
  3740 | D:4      | Reached skill level 8 in Conjurations
  3882 | D:4      | Found an iron altar of Okawaru.
  3882 | D:4      | Found a hazy altar of Hepliaklqana.
  4176 | D:4      | Reached skill level 5 in Spellcasting
  4176 | D:4      | Reached XP level 7. HP: 36/36 MP: 2/15
  4725 | D:5      | Entered Level 5 of the Dungeon
  4753 | D:5      | Reached skill level 9 in Conjurations
  4828 | D:5      | Learned a level 4 spell: Force Lance
  4934 | D:5      | Found a transporter.
  4937 | D:5      | Found a transporter.
  4944 | D:5      | Noticed a kobold demonologist
  5318 | D:5      | Reached * piety under Vehumet
  5318 | D:5      | Offered knowledge of Shock by Vehumet.
  5321 | D:5      | Learned a level 1 spell: Shock
  5336 | D:5      | Noticed Dowan
  5342 | D:5      | Reached XP level 8. HP: 41/41 MP: 11/17
  5449 | D:5      | Noticed Duvessa
  5532 | D:6      | Reached skill level 10 in Conjurations
  6434 | D:6      | Found a sacrificial altar of Ru.
  6768 | D:6      | Reached skill level 11 in Conjurations
  7204 | D:7      | Reached XP level 9. HP: 15/45 MP: 5/21
  7440 | D:7      | Found an opulent altar of Gozag.
  7440 | D:7      | Found a glowing silver altar of Zin.
  7450 | D:7      | Offered knowledge of Freeze by Vehumet.
  7699 | D:7      | Noticed Joseph
  8051 | D:7      | Shot with a sling bullet by Joseph

Skill      XL: |  1  2  3  4  5  6  7  8 |
---------------+-------------------------+-----
Conjurations   | 6 7 8 9 11 | 11.4
Spellcasting   | 3 4 5 7 |  7.5
Dodging        | |  2.1
Stealth        | |  2.0

Action                   |  1- 3 |  4- 6 |  7- 9 || total
-------------------------+-------+-------+-------++-------
Melee: Dagger            |     6 |       |       ||     6
       Peck              |     1 |       |       ||     1
       Short sword       |       |     2 |     1 ||     3
       Kick              |       |     1 |     1 ||     2
 Cast: Magic Dart        |    70 |   121 |   193 ||   384
       Iskenderun's Myst |       |    18 |    10 ||    28
       Dazzling Spray    |       |     3 |    18 ||    21
       Fulminant Prism   |       |       |     5 ||     5
       Shock             |       |       |     2 ||     2
  Use: Scroll            |       |       |    10 ||    10
  Eat: Chunk             |     1 |    12 |    14 ||    27
Armor: Robe              |     2 |     2 |    13 ||    17
Dodge: Dodged            |    14 |    15 |    38 ||    67
